Map: Twilight Fortress

Players

sugubatul

  • Race: Zerg Zerg
  • Spawn Location: 7:00

Theseues - Winner!

  • Race: Terran Terran
  • Spawn Location: 1:00

VOD

Have the link to the VOD?

Description

Time

  • Played on: July 6, 2024, 12:57 p.m.
  • Length: 15:26
Show
View Real Time Build Order
Export as new Build Order

sugubatul Zerg 

Build Orders: Pool First 

Get SALT Encoding   

  12  0:01  Drone  
  13  0:11  Drone  
  14  0:31  Spawning Pool  
  14  0:34  Overlord  
  13  1:02  Drone  
  14  1:06  Hatchery  
  14  1:07  Drone  
  14  1:13  Drone  
  14  1:17  Drone  
  16  1:20  Extractor  
  15  1:28  Drone  
  15  1:30  Extractor  
  15  1:35  Zergling x2  
  16  1:41  Queen  
  18  1:47  Drone  
  19  1:59  Drone  
  20  2:11  Drone  
  21  2:18  Drone  
  22  2:24  Queen, Drone  
  24  2:44  Drone  
  24  2:45  Drone  
  24  2:46  Lair  
  24  2:50  Drone x2  
  28  3:04  Overlord  
  28  3:19  Extractor  
  27  3:20  Drone  
  27  3:21  Extractor  
  27  3:27  Drone  
  27  3:28  Zergling x2, Drone  
  27  3:29  Zergling x6  
  33  3:35  Baneling Nest  
  33  3:40  Zergling x2  
  33  3:46  Drone x3  
  36  4:06  Overlord  
  36  4:07  Overlord x2  
  36  4:31  Drone x4  
  37  4:38  Zergling x6  
  39  5:05  Drone x4  
  43  5:09  Zergling x6  
  46  5:18  Infestation Pit  
  45  5:22  Hatchery  
  45  5:23  Baneling x4  
  45  5:24  Baneling x4  
  44  5:40  Drone x2  
  44  5:41  Drone x4  
  50  5:47  Drone x2  
  52  5:54  Drone  
  52  5:55  Spire  
  52  6:12  Zergling x4  
  54  6:21  Drone x2  
  54  6:24  Zergling x2  
  54  6:25  Zergling x4  
  59  6:35  Drone  
  60  6:40  Baneling  
  60  6:41  Baneling x9, Hatchery  
  60  6:44  Centrifugal Hooks  
  60  6:45  Zergling x6  
  60  6:46  Zergling x2  
  63  7:05  Zergling x2  
  64  7:09  Drone x2  
  64  7:10  Overlord  
  66  7:22  Overlord x3  
  66  7:26  Baneling x10  
  66  7:27  Baneling x3  
  66  7:28  Queen  
  68  7:36  Drone  
  69  7:37  Zergling x8  
  69  7:38  Zergling x2  
  74  7:45  Mutalisk x3  
  74  7:46  Mutalisk  
  74  7:47  Mutalisk x4  
  90  7:52  Hive  
  90  7:55  Queen  
  90  7:56  Drone  
  93  8:06  Drone x2  
  93  8:08  Zergling x2  
  93  8:10  Zergling x4  
  98  8:16  Zergling x2  
  98  8:17  Zergling x2  
  100  8:20  Zergling x2  
  100  8:21  Zergling x2  
  100  8:23  Zergling x2  
  103  8:27  Drone  
  104  8:59  Overlord  
  104  9:00  Overlord x2  
  104  9:08  Ultralisk Cavern  
  104  9:09  Greater Spire  
  103  9:10  Zergling x2  
  104  9:18  Drone x3  
  104  9:19  Drone x3  
  104  9:23  Mutalisk x2  
  104  9:24  Mutalisk  
  112  9:30  Extractor  
  115  9:31  Extractor  
  115  9:37  Drone  
  115  9:38  Zergling x16  
  123  9:46  Drone x2  
  123  9:47  Drone x3  
  128  10:15  Overlord x3  
  128  10:19  Anabolic Synthesis  
  75  10:59  Zergling x6  
  75  11:00  Zergling x6  
  75  11:01  Mutalisk x2  
  75  11:02  Mutalisk x6  
  89  11:10  Mutalisk  
  89  11:11  Mutalisk x5  
  101  11:24  Hatchery  
  101  11:25  Hatchery  
  99  11:27  Overlord  
  99  11:37  Drone x2  
  99  11:38  Zergling x8  
  105  11:44  Drone  
  105  11:46  Ultralisk x3  
  124  11:47  Zergling x2  
  124  11:48  Zergling x2  
  124  11:52  Drone  
  127  11:58  Mutalisk x2  
  131  12:19  Mutalisk x2  
  131  12:20  Drone x2  
  137  12:25  Viper  
  140  12:33  Baneling  
  140  12:34  Baneling x7  
  140  12:35  Baneling  
  140  12:48  Mutalisk x2  
  140  12:51  Queen  
  144  12:54  Drone  
  144  12:55  Drone  
  147  13:16  Drone x2  
  149  13:20  Mutalisk x5  
  149  13:26  Queen  
  89  13:47  Zergling x2  
  96  13:48  Ultralisk  
  96  13:49  Zergling x2, Ultralisk  
  96  13:50  Zergling x14  
  96  13:51  Zergling x2  
  96  13:52  Zergling x4  
  113  14:00  Zergling x8  
  113  14:01  Zergling x10  
  113  14:02  Zergling x2  
  123  14:07  Drone x3  
  124  14:16  Drone  
  120  14:17  Zergling x6  
  122  14:25  Baneling x11  
  122  14:26  Baneling x16  
  83  14:48  Mutalisk x3  
  83  14:51  Zergling x2  
  83  14:52  Zergling x8  
  92  14:54  Zergling x22  
  92  14:55  Zergling x16  
  92  14:59  Drone x2  
  116  15:00  Drone  
Show
View Real Time Build Order
Export as new Build Order

Theseues Terran - Winner!

Build Orders:  

Get SALT Encoding   

  12  0:00  SCV  
  13  0:12  SCV  
  14  0:18  Supply Depot  
  14  0:25  SCV  
  15  0:40  SCV  
  15  0:41  Barracks  
  16  0:50  Refinery  
  16  0:52  SCV  
  17  1:04  SCV  
  18  1:16  SCV  
  19  1:21  Barracks  
  19  1:28  Orbital Command  
  19  1:29  Barracks Tech Lab  
  19  1:38  Bunker  
  19  2:01  Stimpack  
  19  2:13  Refinery  
  19  2:15  Engineering Bay  
  19  2:16  Marine x2  
  21  2:25  SCV  
  22  2:34  Marine  
  23  2:52  Barracks Reactor  
  23  2:58  Terran Infantry Weapons Level 1  
  23  3:04  Command Center  
  23  3:16  Supply Depot  
  23  3:18  Supply Depot  
  23  3:26  Supply Depot  
  23  3:37  Marine x2, Marauder, SCV  
  28  3:49  SCV  
  28  3:55  Marine x2  
  31  3:57  Sensor Tower  
  31  3:59  Marauder  
  31  4:01  SCV  
  34  4:13  SCV  
  35  4:26  SCV  
  36  4:38  SCV  
  37  4:39  Command Center  
  37  4:44  Marine x3  
  40  5:04  Factory  
  40  5:20  Orbital Command  
  40  5:21  SCV  
  41  5:29  Terran Infantry Armor Level 1  
  41  5:31  Concussive Shells  
  41  5:33  SCV  
  42  5:35  Marine  
  42  5:36  Marine, Marauder  
  46  5:46  SCV  
  46  5:49  Supply Depot  
  47  5:50  Orbital Command  
  47  5:55  SCV  
  48  5:58  SCV  
  49  6:04  Starport  
  49  6:06  Factory Tech Lab  
  49  6:08  SCV  
  49  6:10  SCV  
  51  6:12  Supply Depot  
  51  6:14  Combat Shield  
  51  6:20  SCV  
  51  6:22  SCV  
  53  6:29  Bunker  
  53  6:32  SCV  
  54  6:39  Supply Depot  
  54  6:44  Starport Reactor  
  54  6:45  Siege Tank  
  57  6:53  Supply Depot  
  57  6:56  SCV  
  57  6:57  SCV x2  
  60  7:01  Supply Depot  
  60  7:09  SCV x3  
  60  7:11  Missile Turret  
  63  7:16  Supply Depot  
  63  7:17  Siege Tank  
  63  7:20  Medivac x2  
  63  7:21  SCV  
  71  7:24  Supply Depot, Refinery  
  71  7:25  Refinery  
  71  7:35  Command Center  
  71  7:38  Supply Depot  
  71  7:44  Missile Turret  
  71  7:47  SCV  
  71  7:49  Siege Tank  
  75  7:59  SCV  
  75  8:04  Armory  
  76  8:11  SCV  
  76  8:12  Barracks  
  77  8:15  Barracks  
  77  8:16  Barracks  
  77  8:17  Barracks  
  77  8:19  Barracks x2, SCV  
  78  8:21  Siege Tank  
  78  8:23  SCV  
  78  8:24  Command Center  
  82  8:32  SCV  
  83  8:34  Viking  
  83  8:36  Viking  
  87  8:44  SCV  
  88  8:50  Drilling Claws  
  88  8:54  Widow Mine  
  90  8:56  SCV  
  91  9:04  Medivac  
  91  9:06  Terran Vehicle Weapons Level 1, Medivac  
  91  9:08  SCV  
  96  9:12  Marine x2  
  96  9:13  Marauder  
  96  9:15  Widow Mine  
  102  9:30  Factory  
  102  9:37  Supply Depot  
  102  9:38  Supply Depot x2  
  102  9:40  Supply Depot  
  103  9:47  Orbital Command  
  103  9:48  Orbital Command  
  102  10:02  Supply Depot  
  102  10:03  Supply Depot  
  102  10:05  Supply Depot  
  102  10:25  Supply Depot  
  102  10:28  Supply Depot  
  102  10:31  Marine x2  
  102  10:32  Marine x5, Supply Depot  
  102  10:33  Supply Depot  
  89  10:51  Supply Depot  
  84  11:00  Terran Vehicle And Ship Armor Level 1  
  82  11:08  SCV x3  
  82  11:09  SCV x2  
  87  11:11  Barracks Tech Lab  
  87  11:12  Barracks Tech Lab x2, Barracks Reactor x3  
  87  11:15  Marine x2, Marauder  
  93  11:20  Siege Tank, SCV  
  93  11:21  SCV x4  
  93  11:25  Medivac  
  101  11:32  SCV  
  102  11:33  Marine x2, Factory Reactor, SCV x4  
  102  11:36  Marauder  
  110  11:44  SCV  
  110  11:45  SCV x4  
  115  11:51  Marine x2  
  115  11:52  Siege Tank  
  120  11:54  Refinery  
  120  11:56  SCV  
  120  11:57  SCV x4  
  120  11:58  Marauder  
  120  12:00  Refinery  
  127  12:03  Marine  
  127  12:04  Marine x8  
  127  12:07  Refinery  
  136  12:08  SCV  
  136  12:09  Marine x2, SCV x4  
  136  12:12  Refinery  
  136  12:13  Widow Mine x2  
  147  12:19  Marauder  
  147  12:21  Marine, SCV x2  
  147  12:22  Marine x8  
  160  12:24  Siege Tank  
  160  12:26  Marine  
  160  12:27  Marine  
  165  12:34  Widow Mine  
  165  12:35  Widow Mine  
  169  12:39  Marine  
  169  12:40  Command Center, Marine x4, Marauder x4  
  182  12:55  Widow Mine  
  182  12:56  Siege Tank  
  187  13:02  Marauder x4  
  189  13:06  Marine  
  189  13:23  Marauder x2  
  186  13:28  Siege Tank  
  174  13:41  Marine  
  174  13:42  Marine x9  
  174  13:44  Marine x2  
  186  13:59  Marine x5  
  186  14:00  Siege Tank  
  194  14:09  Marine  
  193  14:10  Marine x6  
  166  14:51  Marine  
  166  14:52  Marine x9  
  175  14:53  Marauder  
  175  14:55  Medivac x2  
Tags
 
Add a new tag
Caveats
  • Supply blocks, unpowered buildings, or Contaminate may cause inaccurate times.
  • Supply counts are checked every 10 seconds.